 Dungeon Crawl Stone Soup version 0.29.0-5-ge4962eb29e (webtiles) character file.

Game seed: 6548134884539313342

533 brightshaft the Skirmisher (level 7, -5/56 HPs)
             Began as a Minotaur Hunter on Aug 28, 2022.
             Slain by a wyvern zombie (9 damage)
             ... in an ossuary.
             The game lasted 00:05:24 (3336 turns).

brightshaft the Skirmisher (Minotaur Hunter)        Turns: 3336, Time: 00:05:25

Health: -5/56      AC:  4    Str: 16    XL:     7   Next: 4%
Magic:  6/6        EV: 12    Int:  6    God:
Gold:   147        SH:  0    Dex: 15    Spells: 6/6 levels left

rFire   . . .      SeeInvis .   b - +1 dagger (elec)
rCold   + . .      Faith    .   (no shield)
rNeg    . . .      Spirit   .   c - +0 leather armour
rPois   .          Reflect  .   (helmet restricted)
rElec   .          Harm     .   (no cloak)
rCorr   .          Rampage  .   (no gloves)
Will    .....                   m - +0 pair of boots
Stlth   +.........              (no amulet)
HPRegen 0.18/turn               o - ring of protection from cold
MPRegen 0.10/turn               (no ring)

@: no status effects
A: horns 2, retaliatory headbutt
a: no special abilities


You were in an ossuary.
You visited 1 branch of the dungeon, and saw 4 of its levels.
You also visited: Ossuary.

You collected 147 gold pieces.

Inventory:

Hand Weapons
 a - a +0 shortbow
 b - a +1 dagger of electrocution (weapon)
Missiles
 n - 6 javelins
Armour
 c - a +0 leather armour (worn)
 m - a +0 pair of boots (worn)
 r - a +0 ring mail
 s - a +0 chain mail
Jewellery
 o - a ring of protection from cold (left hand)
Wands
 q - a wand of polymorph (12)
Scrolls
 d - 3 scrolls of teleportation
 e - a scroll of enchant armour {unknown}
 f - a scroll of identify
 g - a scroll of fog
 i - a scroll of immolation
 u - a scroll of vulnerability {unknown}
Potions
 h - 3 potions of attraction
 j - a potion of lignification {unknown}
 k - a potion of resistance {unknown}
 l - 2 potions of mutation
 p - a potion of might {unknown}
 t - a potion of haste {unknown}
 v - a potion of curing {unknown}


   Skills:
 - Level 2.5 Fighting
 * Level 9.3 Ranged Weapons
 - Level 2.2 Dodging
 - Level 0.8 Stealth


You had 6 spell levels left.
You didn't know any spells.
Your spell library contained the following spells:

 Spells                   Type           Power      Damage    Failure   Level
 Apportation              Tloc           0%         N/A       52%         1
 Foxfire                  Conj/Fire      0%         2x1d4     52%         1
 Necrotise                Necr           0%         1d4       52%         1
 Summon Small Mammal      Summ           0%         N/A       52%         1
 Static Discharge         Conj/Air       0%         3-3/arc   67%         2
 Iskenderun's Battlesphe  Conj           0%         2d6       100%        5
 Enfeeble                 Hex            0%         N/A       100%        7


Dungeon Overview and Level Annotations

Branches:
Dungeon (4/15)            Ossuary (1/1)
 Temple: D:4-7

Altars:
Xom


Innate Abilities, Weirdness & Mutations

You have a pair of horns on your head.
You reflexively headbutt those who attack you in melee.


Message History

The hornet zombie is almost destroyed.
The hornet zombie misses you. You furiously retaliate!
You headbutt the hornet zombie!
You destroy the hornet zombie!
Your Ranged Weapons skill increases to level 9!
A wyvern zombie comes into view.
There is an open door here.
A bog mummy comes into view.
There is an open door here.
There is an open door here.
The bog mummy hits you!
* * * LOW HITPOINT WARNING * * *
You barely miss the bog mummy. You hit the bog mummy.
Lightning courses through the bog mummy!
The bog mummy is almost destroyed.
The bog mummy barely misses you.
You hit the bog mummy.
Lightning courses through the bog mummy!
You destroy the bog mummy!
You have reached level 7!
You hit the wyvern zombie.
Lightning courses through the wyvern zombie!
You headbutt the wyvern zombie!
The wyvern zombie is severely damaged.
The wyvern zombie bites you.
* * * LOW HITPOINT WARNING * * *
The wyvern zombie barely misses you.
You hit the wyvern zombie but do no damage.
The wyvern zombie is severely damaged.
The wyvern zombie bites you but does no damage.
You hit the wyvern zombie.
The wyvern zombie is severely damaged.
The wyvern zombie bites you but does no damage.
You hit the wyvern zombie.
Lightning courses through the wyvern zombie!
You punch the wyvern zombie.
The wyvern zombie is almost destroyed.
The wyvern zombie bites you!
You die...

#.' '.#
#.+ ##.#
'.+
#####.###
#∩..#.~.#
#.∩.'.~###
#...#@~P~#
#####Z#~##
~.+.~#
~~.##~#
#.#.# ≈#
#~~## ≈#
#≈# #


You could see a wyvern zombie.

Vanquished Creatures
  A hornet zombie (Ossuary)
  A phantom (D:3)
  A wyvern zombie (Ossuary)
  5 mummies (Ossuary)
  Natasha (twice) (D:3)
  An orc wizard (D:3)
  A killer bee zombie (Ossuary)
  5 adders
  4 dart slugs
  6 orcs
  10 ball pythons
  5 endoplasms
  A giant cockroach (D:2)
  3 goblins (D:1)
  6 hobgoblins
  4 jackals (D:1)
  3 quokkas
  6 bats
  2 frilled lizards (D:1)
  8 kobolds
  3 rats
78 creatures vanquished.

Vanquished Creatures (others)
  2 plants (D:1)
  13 withered plants (Ossuary)
15 creatures vanquished.

Grand Total: 93 creatures vanquished

Notes
Turn   | Place    | Note
-------+----------+-------------------------------------------
     0 | D:1      | brightshaft the Minotaur Hunter began the quest for the
                  | Orb.
     0 | D:1      | Reached XP level 1. HP: 18/18 MP: 0/0
   187 | D:1      | Reached XP level 2. HP: 25/25 MP: 1/1
   358 | D:1      | Reached skill level 5 in Ranged Weapons
   434 | D:1      | Got the Spellbook of Forceful Charms
   725 | D:1      | Found a faded altar of an unknown god.
   727 | D:1      | Reached XP level 3. HP: 30/30 MP: 2/2
  1346 | D:2      | Found a shimmering altar of Xom.
  1603 | D:3      | Reached skill level 6 in Ranged Weapons
  1802 | D:3      | Reached XP level 4. HP: 18/37 MP: 3/3
  2357 | D:3      | Noticed a phantom
  2371 | D:3      | Killed a phantom
  2372 | D:3      | Reached skill level 7 in Ranged Weapons
  2372 | D:3      | Reached XP level 5. HP: 19/42 MP: 4/4
  2584 | D:3      | Noticed Natasha
  2593 | D:3      | Killed Natasha
  2761 | D:3      | Noticed Natasha
  2763 | D:3      | Killed Natasha
  3104 | D:4      | Reached XP level 6. HP: 46/50 MP: 5/5
  3142 | D:4      | Found a sand-covered staircase.
  3147 | Ossuary  | Entered an ossuary
  3154 | Ossuary  | Reached skill level 8 in Ranged Weapons
  3307 | Ossuary  | Reached skill level 9 in Ranged Weapons
  3333 | Ossuary  | Reached XP level 7. HP: 6/56 MP: 6/6
  3336 | Ossuary  | Slain by a wyvern zombie

Illustrated notes

Levels and vault maps discovered:
D:1:      minmay_arrival_cross, layout_loops_ring,
          chequers_ecumenical_altar_lobes, minmay_tromino_i2
D:2:      layout_basic, basic_altar, minmay_pentomino_pile
D:3:      layout_basic, uniq_natasha
D:4:      layout_loops_ring, led_sif_pool, mainiacjoe_overflow_boulevard,
          kennysheep_mini_moat, nicolae_ossuary_entry_false_entrances
Ossuary:  ossuary_zaba_flooded

Skill      XL: |  1  2  3  4  5  6 |
---------------+-------------------+-----
Ranged Weapons | 5 6 7 9 |  9.3
Fighting       | |  2.5
Dodging        | |  2.2
Stealth        | |  0.8

Action                   |  1- 3 |  4- 6 |  7- 9 || total
-------------------------+-------+-------+-------++-------
Melee: Dagger            |     3 |    22 |     4 ||    29
       Headbutt          |     2 |     3 |     1 ||     6
       Punch             |       |     1 |     1 ||     2
 Fire: Shortbow          |   105 |   106 |       ||   211
  Use: Scroll            |     5 |       |       ||     5
Armor: Leather armour    |    16 |    13 |     2 ||    31
Dodge: Dodged            |    27 |    44 |     1 ||    72
